 Dungeon Crawl Stone Soup version 0.28-a0-683-ga8797d1ae1 (webtiles) character file.

Game seed: 9457547283973876457

6920 karkarkar the Cleaver (level 11, -2/68 HPs)
             Began as a Gargoyle Fighter on Oct 18, 2021.
             Was a Believer of Okawaru.
             Slain by Sonja (15 damage)
             ... on level 10 of the Dungeon.
             The game lasted 00:46:44 (14847 turns).

karkarkar the Cleaver (Gargoyle Fighter)           Turns: 14847, Time: 00:46:48

Health: -2/68      AC: 26    Str: 26    XL:     11   Next: 7%
Magic:  10/11      EV:  7    Int:  9    God:    Okawaru [**....]
Gold:   475        SH:  5    Dex: 15    Spells: 10/10 levels left

rFire   . . .      SeeInvis .   a - +0 broad axe
rCold   . . .      Faith    .   c - +0 buckler
rNeg    + . .      Spirit   .   k - +0 plate armour
rPois   ∞          Reflect  .   u - +2 hat
rElec   +          Harm     .   (no cloak)
rCorr   .          Rampage  .   f - +0 pair of gloves {Str+3}
Will    .....                   w - +0 pair of boots
Stlth   ..........              (no amulet)
HPRegen 0.21/turn               s - ring of flight
MPRegen 0.12/turn               v - +6 ring of dexterity

@: flying, studying Throwing
A: sickness immunity, AC +8, negative energy resistance 1, electricity
resistance, torment resistance 1, petrification resistance
a: Renounce Religion, Heroism


You were on level 10 of the Dungeon.
You worshipped Okawaru.
Okawaru was pleased with you.
You visited 2 branches of the dungeon, and saw 11 of its levels.

You collected 503 gold pieces.
You spent 28 gold pieces at shops.

Inventory:

Hand Weapons
 a - a +0 broad axe (weapon)
Missiles
 e - 8 boomerangs
 i - 2 curare-tipped darts
 l - 50 poisoned darts
 y - 4 javelins
Armour
 c - a +0 buckler (worn)
 f - a +0 pair of gloves of strength (worn)
 k - a +0 plate armour (worn)
 u - a +2 hat (worn)
 w - a +0 pair of boots (worn)
Jewellery
 s - a ring of flight (left hand)
 v - a +6 ring of dexterity (right hand)
Wands
 d - a wand of polymorph (9)
 h - a wand of digging (16)
 t - a wand of iceblast (1)
 x - a wand of mindburst (15)
 A - a wand of charming (6)
Scrolls
 j - a scroll of torment
 n - 3 scrolls of enchant armour
 o - a scroll of teleportation
 z - a scroll of magic mapping {unknown}
 C - a scroll of fog {unknown}
Potions
 b - a potion of resistance
 g - 2 potions of brilliance
 m - 5 potions of curing
 p - 4 potions of heal wounds
 q - 3 potions of mutation
 r - 3 potions of lignification {unknown}
 B - a potion of ambrosia {unknown}
 D - a potion of haste


   Skills:
 + Level 8.0 Fighting
 + Level 10.2 Axes
 * Level 3.5 Throwing
 + Level 9.1 Armour
 + Level 0.3 Dodging
 + Level 1.1 Stealth
 - Level 4.0 Shields
 * Level 5.6 Evocations


You had 10 spell levels left.
You didn't know any spells.
Your spell library contained the following spells:

 Spells                   Type           Power      Damage    Failure   Level
 Beastly Appendage        Tmut           0%         N/A       99%         1
 Ensorcelled Hibernation  Hex/Ice        0%         N/A       99%         2
 Scorch                   Fire           0%         2d5       99%         2
 Wereblood                Tmut           0%         N/A       99%         2
 Spider Form              Tmut/Pois      0%         N/A       100%        3
 Flame Wave               Conj/Fire      0%         3d3       100%        4
 Summon Small Mammal      Summ           Unusable   N/A       N/A         1
 Call Canine Familiar     Summ           Unusable   N/A       N/A         3
 Summon Guardian Golem    Hex/Summ       Unusable   N/A       N/A         3
 Tukima's Dance           Hex            Unusable   N/A       N/A         3
 Summon Cactus Giant      Summ           Unusable   N/A       N/A         6

Dungeon Overview and Level Annotations

Branches:
Dungeon (10/15)            Temple (1/1) D:7            Lair (0/6) D:8
    Orc (0/2) D:9

Altars:
Ashenzari
Cheibriados
Dithmenos
Elyvilon
Fedhas
Gozag
Hepliaklqana
Kikubaaqudgha
Makhleb
Nemelex Xobeh
Okawaru
Qazlal
Ru
Sif Muna
Trog
Uskayaw
Vehumet
Wu Jian
Xom
Yredelemnul
Zin
The Shining One

Shops:
D:2 *   D:4 ?

Annotations:
D:3 3 runed translucent doors, Woods's ghost, amateur NaTm
D:4 1 exclusion, Menkaure
D:10 Sonja


Innate Abilities, Weirdness & Mutations

You are immune to sickness and miasma.
Your stone body is resilient. (AC +8)
You are immune to poison.
You resist negative energy. (rN+)
You are resistant to electric shocks. (rElec)
You are resistant to unholy torment.
You are immune to petrification.


Message History

You drop a ring of magical power.
As you open the door, it creaks loudly!
Found 16 stones.
You see here 16 stones.
Sonja, the Graceful Assassin comes into view.
She is wielding a +0 dagger of distortion and quivering curare-tipped darts.
Sonja shouts!
Sonja throws a curare-tipped dart.
The curare-tipped dart hits you.
Press: ? - help, v - describe, . - travel
Here: Sonja, wielding a +0 dagger of distortion and quivering curare-tipped darts The floor.
Unknown command.
You gain the combat prowess of a mighty hero.
You closely miss Sonja. You block Sonja's attack. Sonja completely misses you.
Sonja hits you but does no damage. Space warps horribly around you!
You completely miss Sonja.
Sonja casts a spell.
Sonja blinks!
Found a leather armour.
You completely miss Sonja. Sonja hits you but does no damage.
Space bends around you. Sonja hits you but does no damage.
Space bends around you. Sonja barely misses you.
You miss Sonja. Sonja barely misses you.
Sonja hits you with a +0 dagger of distortion.
You blink.
Found 12 gold pieces.
You see here a +0 leather armour.
You block Sonja's attack.
Sonja hits you with a +0 dagger of distortion.
You blink.
Sonja throws a curare-tipped dart.
The curare-tipped dart closely misses you.
Sonja throws a curare-tipped dart.
You block the curare-tipped dart.
You feel like a meek peon again.
You see here a +0 leather armour.
Sonja hits you with a +0 dagger of distortion.
Space bends around you.
Sonja hits you with a +0 dagger of distortion.
Space warps horribly around you! Sonja hits you but does no damage.
Space warps horribly around you!
* * * LOW HITPOINT WARNING * * *
Sonja hits you but does no damage. Space warps horribly around you!
You die...

#.# #.# #.# #.# #.# #.#
#.# ###################
#.# ......$..[@K......#
#.#
#################.###.#
#.....# #######


You could see Sonja.

Vanquished Creatures
  A two-headed ogre (D:9)
  Pikel (D:4)
  A cyclops (D:9)
  An ugly thing (D:6)
  A troll (D:6)
  A hornet (D:7)
  Prince Ribbit (D:5)
  Sigmund (D:3)
  3 steam dragons
  An acid dragon (D:8)
  A water moccasin (D:6)
  2 orc warriors
  A black bear (D:5)
  An ice beast (D:5)
  A necrophage (D:7)
  A sky beast (D:6)
  2 ogres
  4 centaurs
  A lemure (D:4)
  3 kobold brigands
  Blork the orc (D:5)
  A bullfrog (D:8)
  3 water moccasin zombies (D:5)
  4 scorpions
  A wyvern skeleton (D:7)
  4 wights
  An electric eel (D:10)
  2 howler monkeys
  A bullfrog zombie (D:6)
  2 quasits (D:5)
  2 centaur zombies
  6 hounds
  2 jellies
  4 orc priests
  2 centaur skeletons
  Jessica (D:2)
  A scorpion zombie (D:3)
  A hell rat (D:8)
  3 iguanas
  9 orc wizards
  A killer bee zombie (D:6)
  Robin (D:3)
  4 gnolls
  A howler monkey skeleton (D:6)
  13 adders
  5 river rats
  3 shadow imps
  2 ufetubi
  2 adder zombies
  An adder skeleton (D:4)
  2 worms
  The ghost of AttackTheMoon the Sneak, a weakling KoDe (D:5)
  3 dart slugs
  27 orcs
  2 bats
  3 endoplasms
  A giant cockroach (D:1)
  12 goblins
  11 hobgoblins
  2 jackals (D:3)
  24 kobolds
  2 quokkas (D:7)
  9 ball pythons
  5 frilled lizards
  7 rats
224 creatures vanquished.

Vanquished Creatures (others)
  An orc wizard (D:6)
1 creature vanquished.

Grand Total: 225 creatures vanquished

Notes
Turn   | Place    | Note
-------+----------+-------------------------------------------
     0 | D:1      | karkarkar the Gargoyle Fighter began the quest for the Orb.
     0 | D:1      | Reached XP level 1. HP: 14/14 MP: 1/1
   176 | D:1      | Reached XP level 2. HP: 11/19 MP: 2/2
   661 | D:1      | Found a faded altar of an unknown god.
  1295 | D:1      | Reached skill level 2 in Axes
  1668 | D:2      | Reached XP level 3. HP: 23/23 MP: 3/3
  1949 | D:2      | Found a sacrificial altar of Ru.
  1988 | D:2      | Noticed Jessica
  1996 | D:2      | Killed Jessica
  1997 | D:2      | Reached XP level 4. HP: 20/29 MP: 4/4
  2231 | D:2      | Found Riegyapp's Assorted Antiques.
  2598 | D:3      | Reached XP level 5. HP: 33/33 MP: 5/5
  2992 | D:3      | Noticed Robin
  2996 | D:3      | Killed Robin
  2997 | D:3      | Reached skill level 3 in Axes
  3385 | D:3      | Noticed Sigmund
  3392 | D:3      | Killed Sigmund
  3393 | D:3      | Reached skill level 4 in Axes
  3393 | D:3      | Reached skill level 5 in Armour
  3393 | D:3      | Reached XP level 6. HP: 29/38 MP: 6/6
  3722 | D:3      | Found a runed translucent gate.
  3722 | D:3      | Found a runed translucent gate.
  3722 | D:3      | Found a runed translucent gate.
  3722 | D:3      | Noticed Woods's ghost (amateur NaTm)
  3725 | D:3      | Found a basalt altar of Yredelemnul.
  4195 | D:4      | Noticed Menkaure
  4493 | D:4      | Reached XP level 7. HP: 43/44 MP: 7/7
  4497 | D:4      | Found Lisegu Balee's Magic Scroll Shop.
  4505 | D:4      | Bought a scroll of identify for 28 gold pieces
  4967 | D:5      | Entered Level 5 of the Dungeon
  5055 | D:5      | Noticed Blork the orc
  5064 | D:5      | Killed Blork the orc
  5065 | D:5      | Reached skill level 5 in Axes
  5412 | D:5      | Found a transporter.
  5417 | D:5      | Noticed AttackTheMoon's ghost (weakling KoDe)
  5456 | D:5      | Noticed Prince Ribbit
  5598 | D:5      | Found a transporter.
  6031 | D:6      | Reached XP level 8. HP: 39/48 MP: 8/8
  6144 | D:6      | Reached skill level 5 in Fighting
  6209 | D:6      | Reached skill level 6 in Axes
  6758 | D:6      | Reached skill level 1 in Stealth
  6923 | D:6      | Reached skill level 1 in Evocations
  7332 | D:6      | Reached skill level 7 in Axes
  7354 | D:6      | Reached XP level 9. HP: 25/55 MP: 9/9
  7590 | D:6      | Noticed a troll
  7627 | D:6      | Noticed a red ugly thing
  7789 | D:7      | Noticed a hornet
  7798 | D:7      | Killed a hornet
  7889 | D:7      | Noticed a two-headed ogre
  8182 | D:5      | Killed Prince Ribbit
  8183 | D:5      | Reached skill level 8 in Axes
  8492 | D:5      | Noticed Pikel
  8562 | D:4      | Killed Pikel
  9313 | D:5      | Killed AttackTheMoon's ghost
 10089 | D:6      | Killed a troll
 10090 | D:6      | Reached skill level 9 in Axes
 10090 | D:6      | Reached XP level 10. HP: 38/61 MP: 10/10
 10210 | D:6      | Killed a red ugly thing
 10595 | D:7      | Found a staircase to the Ecumenical Temple.
 10605 | Temple   | Entered the Ecumenical Temple
 10669 | Temple   | Became a worshipper of Warmaster Okawaru
 11429 | D:8      | Noticed a death yak
 11429 | D:8      | Noticed a death yak
 11521 | D:8      | Noticed a death yak
 12095 | D:8      | Reached skill level 5 in Evocations
 12228 | D:8      | Found a staircase to the Lair.
 12953 | D:9      | Noticed a cyclops
 12966 | D:9      | Killed a cyclops
 12966 | D:9      | Reached * piety under Okawaru
 12967 | D:9      | Reached skill level 1 in Throwing
 13212 | D:9      | Identified the +0 leather armour "Tonygone" {Str+2}
 13238 | D:9      | Noticed a two-headed ogre
 13251 | D:9      | Killed a two-headed ogre
 13251 | D:9      | Reached ** piety under Okawaru
 13252 | D:9      | Reached skill level 10 in Axes
 13263 | D:9      | Found a staircase to the Orcish Mines.
 14222 | D:10     | Entered Level 10 of the Dungeon
 14397 | D:10     | Reached XP level 11. HP: 61/68 MP: 11/11
 14835 | D:10     | Noticed Sonja
 14847 | D:10     | Slain by Sonja

Illustrated notes

Levels and vault maps discovered:
D:1:      minmay_arrival_nine_rooms, layout_basic,
          hellmonk_ecumenical_altar_blasted
D:2:      layout_loops_ring, serial_shops, shop_statue, basic_altar,
          uniq_jessica
D:3:      layout_loops_corners, nicolae_yredelemnul_ghost_church,
          chequers_serial_rivers_room_a, kennysheep_generic_room_15,
          uniq_sigmund, uniq_robin
D:4:      layout_loops_ring, serial_shops, shop, grunt_ministairs_9,
          grunt_decor_resistance, kennysheep_potato, uniq_menkaure
D:5:      minmay_chambers_of_fours, layout_loops_corners,
          gammafunk_ghost_stat_death, hangedman_abyss_or_decor_stagger,
          serial_park_tiny_pond, uniq_prince_ribbit1, uniq_pikel,
          uniq_blork_the_orc
D:6:      minmay_bubble_buster, layout_rooms
D:7:      layout_loops_ring, lemuel_temple_firewalk_b
D:8:      layout_gridville, dpeg_lair_monsters, minmay_manual_mess
D:9:      layout_cave_pods, david_orc_3
D:10:     layout_basic, serial_shops, kennysheep_little_box,
          minmay_misc_feat_rows, uniq_sonja
Temple:   compressed_dpeg_circular_temple

Skill      XL: |  1  2  3  4  5  6  7  8  9 10 11 |
---------------+----------------------------------+-----
Axes           | 2 4 5 7 9 10 | 10.2
Armour         | 4 5 6 7 8 9 |  9.1
Shields        | 4 |  4.0
Fighting       | 4 5 6 7 8 |  8.0
Stealth        | 1 |  1.1
Evocations     | 2 4 5 |  5.6
Throwing       | 3 |  3.5
Dodging        | |  0.3

Action                   |  1- 3 |  4- 6 |  7- 9 | 10-12 || total
-------------------------+-------+-------+-------+-------++-------
Melee: War axe           |    60 |   178 |   404 |   270 ||   912
       Broad axe         |       |       |       |     4 ||     4
Throw: Boomerang         |    13 |     5 |    13 |     2 ||    33
       Javelin           |     3 |    25 |     9 |       ||    37
       Dart              |       |       |    38 |    15 ||    53
Invok: Heroism           |       |       |       |     2 ||     2
Evoke: Wand              |       |       |     1 |     6 ||     7
  Use: Scroll            |       |     1 |    10 |     6 ||    17
       Potion            |       |       |     6 |     2 ||     8
Armor: Scale mail        |    29 |   110 |   283 |    87 ||   509
       Plate armour      |       |       |       |   139 ||   139
Dodge: Dodged            |    36 |    72 |   216 |   126 ||   450
Block: Buckler           |    21 |    41 |    77 |    77 ||   216

Table legend: (Time is in decaauts)
 A = Elapsed time spent in this place.
 B = Non-inter-level travel time spent in this place.
 C = Inter-level travel time spent in this place.
 D = Time resting spent in this place.
 E = Time spent auto-exploring this place.
 F = Levels seen in this place.
 G = Mean time per level.
                   A        B        C        D        E       F      G
               +--------+--------+--------+--------+--------+-----+--------+
         Total |  14973 |  14198 |    775 |   3300 |   7069 |  11 | 1361.2 |
       Dungeon |  14892 |  14124 |    768 |   3300 |   7032 |  10 | 1489.2 |
        Temple |     81 |     74 |      7 |      0 |     37 |   1 |   81.0 |
               +--------+--------+--------+--------+--------+-----+--------+

Top non-repeatable levels by time:
     D:6: 2221 daAuts
     D:5: 1976 daAuts
     D:4: 1762 daAuts
     D:1: 1629 daAuts
     D:3: 1598 daAuts
     D:7: 1439 daAuts
     D:8: 1387 daAuts
     D:9: 1266 daAuts
     D:2: 987 daAuts
    D:10: 623 daAuts
  Temple: 81 daAuts
